 Dungeon Crawl Stone Soup version 0.28.0-53-g5a82cb258f (webtiles) character file.

Game seed: 8764801593924491901

90 issech the Skirmisher (level 4, -4/41 HPs)
             Began as a Minotaur Monk on June 6, 2022.
             Slain by an orc
             ... wielding a +0 trident
              (8 damage)
             ... on level 3 of the Dungeon.
             The game lasted 00:05:02 (2548 turns).

issech the Skirmisher (Minotaur Monk)               Turns: 2548, Time: 00:05:03

Health: -4/41      AC:  4    Str: 15    XL:     4   Next: 32%
Magic:  3/3        EV: 13    Int:  7    God:
Gold:   119        SH:  0    Dex: 15    Spells: 3/3 levels left

rFire   . . .      SeeInvis .   a - +0 hand axe
rCold   . . .      Faith    .   (no shield)
rNeg    . . .      Spirit   .   g - +0 leather armour
rPois   .          Reflect  .   (helmet restricted)
rElec   .          Harm     .   o - +0 cloak
rCorr   .          Rampage  .   (no gloves)
Will    .....                   (no boots)
Stlth   +.........              (no amulet)
HPRegen 0.13/turn               (no ring)
MPRegen 0.08/turn               (no ring)

@: confused
A: horns 2, retaliatory headbutt
a: no special abilities


You were on level 3 of the Dungeon.
You visited 1 branch of the dungeon, and saw 3 of its levels.

You collected 119 gold pieces.

Inventory:

Hand Weapons
 a - a +0 hand axe (weapon)
Missiles
 e - 17 arrows
 f - 26 bolts
 h - 4 poisoned darts (quivered)
 l - 87 stones
Armour
 b - a +0 robe
 g - a +0 leather armour (worn)
 o - a +0 cloak (worn)
Jewellery
 m - an amulet of guardian spirit
Scrolls
 d - 2 scrolls of teleportation {unknown}
 j - 3 scrolls of identify {unknown}
 n - a scroll of noise {unknown}
Potions
 c - a potion of brilliance {unknown}
 i - a potion of curing {unknown}
 k - 2 potions of ambrosia {unknown}


   Skills:
 + Level 4.5 Fighting
 + Level 4.5 Axes
 + Level 1.5 Armour
 + Level 3.8 Dodging
 + Level 1.9 Stealth


You had 3 spell levels left.
You didn't know any spells.
Your spell library contained the following spells:

 Spells                   Type           Power      Damage    Failure   Level
 Sting                    Tmut/Pois      0%         1d3       50%         1
 Poisonous Vapours        Pois/Air       0%         N/A       65%         2
 Olgreb's Toxic Radiance  Pois           0%         N/A       99%         4


Dungeon Overview and Level Annotations

Branches:
Dungeon (3/15)

Altars:
Gozag


Innate Abilities, Weirdness & Mutations

You have a pair of horns on your head.
You reflexively headbutt those who attack you in melee.


Message History

Deactivating autopickup; reactivate with Ctrl-A.
The orc hits you with a +0 club.
You hit the orc.
The orc is severely wounded.
You barely miss the orc. The orc hits you but does no damage.
The orc closely misses you. x2; You furiously retaliate!
You headbutt the orc!
You kill the orc!
Unknown command.
You closely miss the orc.
The orc is severely wounded.
You barely miss the goblin. The orc hits you but does no damage. x2
The goblin misses you. You furiously retaliate!
You headbutt the goblin!
You kill the goblin!
You closely miss the orc. You punch the orc, but do no damage.
The orc is severely wounded.
The orc hits you with a +0 hand axe. The orc misses you.
You closely miss the orc. You headbutt the orc.
You kill the orc!
You hit the orc.
The orc hits you from afar with a +0 trident.
The orc hits you with a +0 flail.
You hit something. You hit the orc but do no damage. Something hits you.
The orc hits you from afar with a +0 trident.
The orc closely misses you. Something hits you.
You hit something. You hit the orc.
You kill the orc!
The orc barely misses you. Something hits you.
You miss something.
The orc hits you from afar with a +0 trident.
* * * LOW HITPOINT WARNING * * *
Something hits you but does no damage. The orc closely misses you.
You hit something. Your headbutt misses something.
You hear some strange, mumbled words.
You are confused.
The orc hits you from afar with a +0 trident.
* * * LOW HITPOINT WARNING * * *
You miss something. Your headbutt misses something. Something hits you.
* * * LOW HITPOINT WARNING * * *
The orc hits you from afar with a +0 trident!
You die...

########.##.# #.##.#
#....# ## ####.#
.############# #...#
.............# #.###
##[####.####.# #.#
#.#..#.#[8#.# #.#
#.#..'.'..#.# #@#
#.#'##.####.#
#{)...#
#...........#
..o..##
#.#'##.####.#......#
#.#..#.#.†#.#.....<#
#.#..'.'..#.#.#.####
####.##'#.#.#.#
..........#.#.#
####.##'#.#


You could see an orc.

Vanquished Creatures
  2 adders (D:3)
  3 dart slugs
  4 orcs (D:3)
  7 endoplasms
  2 giant cockroaches (D:2)
  6 goblins
  6 hobgoblins
  6 jackals (D:2)
  2 kobolds
  A quokka (D:2)
  4 ball pythons
  4 bats
  3 frilled lizards
  7 rats
57 creatures vanquished.

Notes
Turn   | Place    | Note
-------+----------+-------------------------------------------
     0 | D:1      | issech the Minotaur Monk began the quest for the Orb.
     0 | D:1      | Reached XP level 1. HP: 19/19 MP: 0/0
    50 | D:1      | Found a faded altar of an unknown god.
   465 | D:1      | Reached XP level 2. HP: 24/27 MP: 1/1
  1275 | D:2      | Found an opulent altar of Gozag.
  1299 | D:2      | Reached XP level 3. HP: 27/34 MP: 2/2
  2053 | D:3      | Reached skill level 1 in Armour
  2146 | D:3      | Reached XP level 4. HP: 37/41 MP: 3/3
  2548 | D:3      | Slain by an orc

Illustrated notes

Levels and vault maps discovered:
D:1:      dpeg_arrival_chambers_temple_mockup, layout_basic,
          chequers_ecumenical_altar_simple_redux
D:2:      layout_rooms, basic_altar
D:3:      minmay_door_path, layout_basic

Skill      XL: |  1  2  3 |
---------------+----------+-----
Fighting       | 4 |  4.5
Axes           | 4 |  4.5
Armour         | 1 |  1.5
Dodging        | |  3.8
Stealth        | |  1.9

Action                   |  1- 3 |  4- 6 || total
-------------------------+-------+-------++-------
Melee: Hand axe          |    87 |    21 ||   108
       Headbutt          |     9 |     2 ||    11
       Punch             |       |     2 ||     2
 Stab: Sleeping          |     2 |     1 ||     3
Armor: Robe              |     4 |       ||     4
       Leather armour    |    25 |     6 ||    31
Dodge: Dodged            |    70 |    16 ||    86
